MID
PEORIA CHIEFS @ KANE COUNTY COUGARS
09/11/2047
 
TOP OF THE 1ST
Peoria Chiefs batting - Pitching for Kane County Cougars : RHP Shane Walker
Pitching: RHP Shane Walker
Batting: RHB Fekadu Alhaadi 0-0: Ball
1-0: Swinging Strike
1-1: Called Strike
1-2: Foul Ball, location: 2F
1-2: Strikes out swinging
Batting: LHB Jorge Zarazua 0-0: Foul Ball, location: 2F
0-1: Ball
1-1: Ball
2-1: Fly out, F9 (Flyball, 9D, EV 105.0 MPH)
Batting: RHB Jose Jimenez 0-0: Called Strike
0-1: Fly out, F7 (Flyball, 7, EV 91.9 MPH)
Top of the 1st over - 0 runs, 0 hits, 0 errors, 0 left on base; Peoria 0 - Kane County 0
BOTTOM OF THE 1ST
Kane County Cougars batting - Pitching for Peoria Chiefs : RHP Andrew Ray
Pitching: RHP Andrew Ray
Batting: SHB Blaine Peters 0-0: Called Strike
0-1: Foul Ball, location: 2F
0-2: Ball
1-2: Foul Ball, location: 2F
1-2: Ball
2-2: Ball
3-2: Ground out U3 (Groundball, 3S, EV 83.8 MPH)
Batting: RHB D.J. Cooke 0-0: Ball
1-0: Called Strike
1-1: Foul Ball, location: 2F
1-2: Ground out 5-3 (Groundball, 56, EV 83.8 MPH)
Batting: RHB Chad Mendoza 0-0: Called Strike
0-1: Ball
1-1: Ball
2-1: Ball
3-1: SINGLE (Groundball, 34D, EV 107.5 MPH)
Batting: LHB Koson Hirai 0-0: Called Strike
0-1: Ground out 1-3 (Groundball, 23, EV 66.9 MPH)
Bottom of the 1st over - 0 runs, 1 hit, 0 errors, 1 left on base; Peoria 0 - Kane County 0
TOP OF THE 2ND
Peoria Chiefs batting - Pitching for Kane County Cougars : RHP Shane Walker
Batting: LHB Travis Ruppel 0-0: Called Strike
0-1: Foul Ball, location: 2F
0-2: Ball
1-2: Foul Ball, location: 2F
1-2: Ground out 1-4-3 (Groundball, 15S, EV 103.8 MPH)
Batting: RHB Tommy Boudreaux 0-0: Called Strike
0-1: Ball
1-1: Ball
2-1: Foul Ball, location: 2F
2-2: Reached on error, E5 (Groundball, 56S, EV 87.5 MPH)
Batting: RHB Kalidas Mishra 0-0: Called Strike
0-1: Ball
1-1: Foul Ball, location: 2F
1-2: Strikes out swinging
Batting: RHB Robby Hickman 0-0: Ball
1-0: Ground out 6-3 (Groundball, 6M, EV 87.5 MPH)
Top of the 2nd over - 0 runs, 0 hits, 1 error, 1 left on base; Peoria 0 - Kane County 0
BOTTOM OF THE 2ND
Kane County Cougars batting - Pitching for Peoria Chiefs : RHP Andrew Ray
Batting: RHB Josh Burrows 0-0: Ball
1-0: Ground out 5-3 (Groundball, 56, EV 91.9 MPH)
Batting: RHB Sergio Manzanero 0-0: Foul Ball, location: 2F
0-1: Fly out, F8 (Flyball, 8LS, EV 84.4 MPH)
Batting: LHB Jeff Harmon 0-0: Ball
1-0: Ball
2-0: Ball
3-0: Called Strike
3-1: SINGLE (Groundball, 34D, EV 100.6 MPH)
Batting: LHB Jeff Trapp 0-0: Called Strike
0-1: Called Strike
0-2: Ball
1-2: Ball
2-2: Foul Ball, location: 2F
2-2: Ball
3-2: Base on Balls
Jeff Harmon to second
Batting: RHB Gary Hills 0-0: Ball
1-0: Called Strike
1-1: Ball
2-1: Ground out 4-3 (Groundball, 4, EV 88.8 MPH)
Bottom of the 2nd over - 0 runs, 1 hit, 0 errors, 2 left on base; Peoria 0 - Kane County 0
TOP OF THE 3RD
Peoria Chiefs batting - Pitching for Kane County Cougars : RHP Shane Walker
Batting: RHB Tim Jobe 0-0: Swinging Strike
0-1: Ball
1-1: Ground out 6-3 (Groundball, 6S, EV 83.8 MPH)
Batting: RHB Tim Cleary 0-0: Ball
1-0: Called Strike
1-1: Foul Ball, location: 2F
1-2: Ball
2-2: Strikes out swinging
Batting: RHB Fekadu Alhaadi 0-0: Foul Ball, location: 2F
0-1: Called Strike
0-2: Foul Ball, location: 2F
0-2: Foul Ball, location: 2F
0-2: Ball
1-2: Strikes out swinging
Top of the 3rd over - 0 runs, 0 hits, 0 errors, 0 left on base; Peoria 0 - Kane County 0
BOTTOM OF THE 3RD
Kane County Cougars batting - Pitching for Peoria Chiefs : RHP Andrew Ray
Batting: SHB Blaine Peters 0-0: Ball
1-0: Foul Ball, location: 2F
1-1: Foul Ball, location: 2F
1-2: Fly out, F8 (Flyball, 8RD, EV 98.8 MPH)
Batting: RHB D.J. Cooke 0-0: Called Strike
0-1: Ball
1-1: Foul Ball, location: 2F
1-2: Ball
2-2: Ball
3-2: Foul Ball, location: 2F
3-2: Base on Balls
Batting: RHB Chad Mendoza 0-0: SINGLE (Line Drive, 9S, EV 96.2 MPH)
D.J. Cooke to second
Batting: LHB Koson Hirai 0-0: Ball
1-0: Foul Ball, location: 2F
1-1: Foul Ball, location: 2F
1-2: Ball
2-2: Fly out, F6 (Popup, 6M, EV 74.4 MPH)
Batting: RHB Josh Burrows 0-0: Called Strike
0-1: Foul Ball, location: 2F
0-2: Ball
1-2: Ball
2-2: Strikes out swinging
Bottom of the 3rd over - 0 runs, 1 hit, 0 errors, 2 left on base; Peoria 0 - Kane County 0
TOP OF THE 4TH
Peoria Chiefs batting - Pitching for Kane County Cougars : RHP Shane Walker
Batting: LHB Jorge Zarazua 0-0: Ball
1-0: Foul Ball, location: 2F
1-1: Called Strike
1-2: Ball
2-2: Ball
3-2: SINGLE (Groundball, 4D, EV 103.1 MPH)
Batting: RHB Jose Jimenez 0-0: Ball
1-0: Called Strike
1-1: Ball
2-1: Fielders Choice at 2nd, 5-4 (Groundball, 56, EV 103.1 MPH)
Batting: LHB Travis Ruppel 0-0: Ball
1-0: Foul Ball, location: 2F
1-1: Ball
2-1: Fly out, F7 (Flyball, 78S, EV 82.5 MPH)
Batting: RHB Tommy Boudreaux 0-0: Called Strike
0-1: Ground out U3 (Groundball, 3L, EV 102.5 MPH)
Top of the 4th over - 0 runs, 1 hit, 0 errors, 1 left on base; Peoria 0 - Kane County 0
BOTTOM OF THE 4TH
Kane County Cougars batting - Pitching for Peoria Chiefs : RHP Andrew Ray
Batting: RHB Sergio Manzanero 0-0: Called Strike
0-1: Ball
1-1: Foul Ball, location: 2F
1-2: Foul Ball, location: 2F
1-2: Foul Ball, location: 2F
1-2: Foul Ball, location: 2F
1-2: Strikes out looking
Batting: LHB Jeff Harmon 0-0: Ball
1-0: Called Strike
1-1: Swinging Strike
1-2: Ball
2-2: Ball
3-2: Ground out 3-1 (Groundball, 34S, EV 84.4 MPH)
Batting: LHB Jeff Trapp 0-0: Ball
1-0: Ball
2-0: Called Strike
2-1: Ball
3-1: Foul Ball, location: 2F
3-2: Foul Ball, location: 2F
3-2: SINGLE (Groundball, 6MD, EV 98.8 MPH)
Batting: RHB Gary Hills 0-0: Ball
1-0: Ball
Jeff Trapp is caught stealing 2nd base 2-4
Bottom of the 4th over - 0 runs, 1 hit, 0 errors, 0 left on base; Peoria 0 - Kane County 0
TOP OF THE 5TH
Peoria Chiefs batting - Pitching for Kane County Cougars : RHP Shane Walker
Batting: RHB Kalidas Mishra 0-0: Swinging Strike
0-1: Called Strike
0-2: Ball
1-2: Ball
2-2: Foul Ball, location: 2F
2-2: Strikes out looking
Batting: RHB Robby Hickman 0-0: Ball
1-0: DOUBLE (Line Drive, 7LS, EV 108.1 MPH)
Batting: RHB Tim Jobe 0-0: Ball
1-0: Called Strike
1-1: Swinging Strike
1-2: Ball
2-2: Foul Ball, location: 2F
2-2: Strikes out swinging
Batting: RHB Tim Cleary 0-0: Swinging Strike
0-1: Fly out, F9 (Flyball, 89S, EV 90.0 MPH)
Top of the 5th over - 0 runs, 1 hit, 0 errors, 1 left on base; Peoria 0 - Kane County 0
BOTTOM OF THE 5TH
Kane County Cougars batting - Pitching for Peoria Chiefs : RHP Andrew Ray
Batting: RHB Gary Hills 0-0: Foul Ball, location: 2F
0-1: Called Strike
0-2: Strikes out swinging
Batting: SHB Blaine Peters 0-0: Ball
1-0: Ground out 4-3 (Groundball, 4M, EV 104.4 MPH)
Batting: RHB D.J. Cooke 0-0: Ball
1-0: Foul Ball, location: 2F
1-1: Foul Ball, location: 2F
1-2: Foul Ball, location: 2F
1-2: Ball
2-2: Ground out 4-3 (Groundball, 4, EV 105.0 MPH)
Bottom of the 5th over - 0 runs, 0 hits, 0 errors, 0 left on base; Peoria 0 - Kane County 0
TOP OF THE 6TH
Peoria Chiefs batting - Pitching for Kane County Cougars : RHP Shane Walker
Batting: RHB Fekadu Alhaadi 0-0: Ball
1-0: Ball
2-0: Fly out, F8 (Flyball, 8LD, EV 105.0 MPH)
Batting: LHB Jorge Zarazua 0-0: Ball
1-0: Ball
2-0: Ball
3-0: Base on Balls
Batting: RHB Jose Jimenez 0-0: SINGLE (Line Drive, 8RS, EV 95.0 MPH)
Jorge Zarazua to second
Runner from 2nd tries for 3rd, SAFE, throw by CF made to third
Batting: LHB Travis Ruppel 0-0: Foul Ball, location: 2F
0-1: Ball
1-1: Foul Ball, location: 2F
1-2: SINGLE (Flyball, 56D, EV 85.6 MPH)
Jorge Zarazua scores
Jose Jimenez to second
Batting: RHB Tommy Boudreaux 0-0: Ball
1-0: Grounds into double play, 6-4-3 (Groundball, 6, EV 91.2 MPH)
Top of the 6th over - 1 run, 2 hits, 0 errors, 1 left on base; Peoria 1 - Kane County 0
BOTTOM OF THE 6TH
Kane County Cougars batting - Pitching for Peoria Chiefs : RHP Andrew Ray
Pitching: RHP Nick Peters
Batting: RHB Chad Mendoza 0-0: Ball
1-0: Foul Ball, location: 2F
1-1: Ground out 6-3 (Groundball, 6S, EV 85.0 MPH)
Batting: LHB Koson Hirai 0-0: Foul Ball, location: 2F
0-1: Ball
1-1: Fly out, F7 (Line Drive, 7S, EV 93.8 MPH)
Batting: RHB Josh Burrows 0-0: SINGLE (Groundball, 4MD, EV 98.8 MPH)
Batting: RHB Sergio Manzanero 0-0: Called Strike
0-1: Fielders Choice at 2nd, 6-4 (Groundball, 6, EV 85.6 MPH)
Bottom of the 6th over - 0 runs, 1 hit, 0 errors, 1 left on base; Peoria 1 - Kane County 0
TOP OF THE 7TH
Peoria Chiefs batting - Pitching for Kane County Cougars : RHP Shane Walker
Batting: RHB Kalidas Mishra 0-0: Ball
1-0: Ball
2-0: Ball
3-0: Base on Balls
Batting: RHB Robby Hickman 0-0: Swinging Strike
0-1: Ball
1-1: Foul Ball, location: 2F
1-2: Ball
2-2: Foul Ball, location: 2F
2-2: Strikes out swinging
Batting: RHB Tim Jobe 0-0: Ball
1-0: Foul Ball, location: 2F
1-1: Ball
Kalidas Mishra steals 2nd, throwing error, E2
Kalidas Mishra to third
2-1: Intentional Walk
Batting: RHB Tim Cleary 0-0: Ball
1-0: Foul Ball, location: 2F
1-1: Fielders Choice at 2nd, 3-6 (Groundball, 3, EV 81.9 MPH)
Kalidas Mishra scores
Pitching: RHP Jorge Gallegos
Batting: RHB Fekadu Alhaadi 0-0: Called Strike
Tim Cleary steals 2nd base
0-1: Ball
1-1: Called Strike
1-2: Ball
2-2: Strikes out swinging
Top of the 7th over - 1 run, 0 hits, 1 error, 1 left on base; Peoria 2 - Kane County 0
BOTTOM OF THE 7TH
Kane County Cougars batting - Pitching for Peoria Chiefs : RHP Nick Peters
Batting: LHB Jeff Harmon 0-0: Ball
1-0: Called Strike
1-1: Called Strike
1-2: Strikes out swinging
Batting: LHB Jeff Trapp 0-0: Ball
1-0: Ball
2-0: Called Strike
2-1: Called Strike
2-2: Foul Ball, location: 2F
2-2: Foul Ball, location: 2F
2-2: Strikes out swinging
Batting: RHB Gary Hills 0-0: Ball
1-0: Foul Ball, location: 2F
1-1: Called Strike
1-2: Strikes out looking
Bottom of the 7th over - 0 runs, 0 hits, 0 errors, 0 left on base; Peoria 2 - Kane County 0
TOP OF THE 8TH
Peoria Chiefs batting - Pitching for Kane County Cougars : RHP Jorge Gallegos
Batting: LHB Jorge Zarazua 0-0: Called Strike
0-1: Foul Ball, location: 2F
0-2: Strikes out looking
Batting: RHB Jose Jimenez 0-0: Called Strike
0-1: Ball
1-1: Foul Ball, location: 2F
1-2: SINGLE (Groundball, 34S, EV 68.1 MPH) (infield hit)
Batting: LHB Travis Ruppel 0-0: Ball
1-0: Swinging Strike
1-1: Ball
Jose Jimenez steals 2nd base
2-1: Intentional Walk
Batting: RHB Tommy Boudreaux 0-0: Ball
1-0: Fielders Choice at 2nd, 5-4 (Groundball, 56, EV 80.0 MPH)
Jose Jimenez to third
Batting: RHB Kalidas Mishra 0-0: Ball
1-0: Ball
2-0: Called Strike
2-1: Swinging Strike
2-2: Ground out 5-3 (Groundball, 56S, EV 83.1 MPH)
Top of the 8th over - 0 runs, 1 hit, 0 errors, 2 left on base; Peoria 2 - Kane County 0
BOTTOM OF THE 8TH
Kane County Cougars batting - Pitching for Peoria Chiefs : RHP Nick Peters
Pitching: RHP Kohsuke Naito
Batting: SHB Blaine Peters 0-0: Called Strike
0-1: Ball
1-1: Foul Ball, location: 2F
1-2: Ground out 4-3 (Groundball, 4S, EV 85.0 MPH)
Batting: RHB D.J. Cooke 0-0: Called Strike
0-1: Swinging Strike
0-2: Ball
1-2: Ball
2-2: Ball
3-2: Base on Balls
Batting: RHB Chad Mendoza 0-0: Ball
1-0: Called Strike
1-1: Called Strike
1-2: Foul Ball, location: 2F
1-2: Foul Ball, location: 2F
1-2: Ball
2-2: DOUBLE (Flyball, 7D, EV 101.9 MPH)
D.J. Cooke to third
Batting: LHB Koson Hirai 0-0: Swinging Strike
0-1: Foul Ball, location: 2F
0-2: Ball
1-2: Ball
2-2: Strikes out swinging, 2-3 out at first.
Batting: RHB Josh Burrows 0-0: Ball
1-0: Foul Ball, location: 2F
1-1: Ball
2-1: Ball
3-1: SINGLE (Line Drive, 6MD, EV 94.4 MPH)
D.J. Cooke scores
Chad Mendoza to third
Runner from 3rd tries for Home, SAFE, throw by CF to home
Pinch Hitting: LHB Jason Hopkins 0-0: Called Strike
0-1: Swinging Strike
0-2: Ball
1-2: Foul Ball, location: 2F
1-2: Ball
2-2: Strikes out looking
Bottom of the 8th over - 2 runs, 2 hits, 0 errors, 1 left on base; Peoria 2 - Kane County 2
TOP OF THE 9TH
Peoria Chiefs batting - Pitching for Kane County Cougars : RHP Jorge Gallegos
Now at 2B: Ernesto Zamora
Pinch Hitting: SHB Bobby O'Leary 0-0: Called Strike
0-1: Called Strike
0-2: DOUBLE (Line Drive, 9LM, EV 102.5 MPH)
Pinch Hitting: SHB Gerardo Macias 0-0: Intentional Walk
Batting: RHB Tim Cleary 0-0: Ball
1-0: Bunt missed!
1-1: Ball
2-1: Sac Bunt to 13 - play at first, batter OUT! 1-4
Bobby O'Leary to third
Gerardo Macias to second
Batting: RHB Fekadu Alhaadi 0-0: Ball
1-0: Swinging Strike
1-1: Foul Ball, location: 2F
1-2: Ball
2-2: Ball
3-2: Strikes out swinging
Batting: LHB Jorge Zarazua 0-0: Called Strike
0-1: Called Strike
0-2: Ball
1-2: Foul Ball, location: 2F
1-2: Ground out 4-3 (Groundball, 34, EV 84.4 MPH)
Top of the 9th over - 0 runs, 1 hit, 0 errors, 2 left on base; Peoria 2 - Kane County 2
BOTTOM OF THE 9TH
Kane County Cougars batting - Pitching for Peoria Chiefs : RHP Kohsuke Naito
Pitching: LHP John Grinter
Now at 2B: Chris Norris
Now at 3B: Bobby O'Leary
Now at SS: Tim Cleary
Pinch Hitting: RHB Dustin Legault 0-0: Swinging Strike
0-1: Fly out, F8 (Line Drive, 8LM, EV 97.5 MPH)
Pinch Hitting: RHB Chris Miller 0-0: Swinging Strike
0-1: Foul Ball, location: 2F
0-2: Ball
1-2: Ground out 4-3 (Groundball, 4S, EV 66.2 MPH)
Batting: RHB Gary Hills 0-0: Foul Ball, location: 2F
0-1: Called Strike
0-2: Foul Ball, location: 2F
0-2: Ball
1-2: Strikes out swinging
Bottom of the 9th over - 0 runs, 0 hits, 0 errors, 0 left on base; Peoria 2 - Kane County 2
TOP OF THE 10TH
Peoria Chiefs batting - Pitching for Kane County Cougars : RHP Jorge Gallegos
Pitching: RHP Edwin Martinez
Now at C: Dustin Legault
Now in RF: Chris Miller
Batting: RHB Jose Jimenez 0-0: Ball
1-0: Ball
2-0: Ball
3-0: Called Strike
3-1: SINGLE (Groundball, 6MD, EV 104.4 MPH)
Batting: LHB Travis Ruppel 0-0: Ball
Jose Jimenez steals 2nd base
1-0: Intentional Walk
Batting: RHB Tommy Boudreaux 0-0: Ball
1-0: SINGLE (Line Drive, 78S, EV 98.8 MPH)
Jose Jimenez to third
Travis Ruppel to second
Runner from 3rd tries for Home, SAFE, throw by LF to home
Batting: RHB Kalidas Mishra 0-0: Sac Bunt to 15 - play at first, batter OUT! 1-4
Travis Ruppel to third
Tommy Boudreaux to second
Batting: SHB Bobby O'Leary 0-0: Ball
1-0: Swinging Strike
1-1: Ball
2-1: Ball
3-1: Ground out 4-3 (Groundball, 4, EV 86.9 MPH)
Batting: RHB Chris Norris 0-0: Ball
1-0: Ball
2-0: SINGLE (Flyball, 6MD, EV 83.1 MPH)
Travis Ruppel scores
Tommy Boudreaux to third
Runner from 3rd tries for Home, SAFE, throw by CF to home
Batting: RHB Tim Cleary 0-0: Ball
1-0: Called Strike
1-1: Called Strike
1-2: Ball
2-2: Ball
3-2: Ground out 4-3 (Groundball, 34, EV 101.2 MPH)
Top of the 10th over - 3 runs, 3 hits, 0 errors, 1 left on base; Peoria 5 - Kane County 2
BOTTOM OF THE 10TH
Kane County Cougars batting - Pitching for Peoria Chiefs : LHP John Grinter
Batting: SHB Blaine Peters 0-0: Ball
1-0: Ball
2-0: Foul Ball, location: 2F
2-1: Reached on error, E5 (Groundball, 56, EV 88.8 MPH)
Batting: RHB D.J. Cooke 0-0: SINGLE (Groundball, 6D, EV 98.8 MPH)
Blaine Peters to third
Batting: RHB Chad Mendoza 0-0: Called Strike
0-1: SINGLE (Groundball, 34D, EV 96.2 MPH)
Blaine Peters scores
D.J. Cooke to second
Batting: LHB Koson Hirai 0-0: Ball
1-0: Fly out, F7 (Flyball, 7S, EV 96.9 MPH)
Batting: RHB Josh Burrows 0-0: Ball
1-0: Swinging Strike
1-1: Foul Ball, location: 2F
1-2: Foul Ball, location: 2F
1-2: Fly out, F8 (Flyball, 78M, EV 88.1 MPH)
Batting: RHB Ernesto Zamora 0-0: Ball
1-0: Called Strike
1-1: Fly out, F8 (Flyball, 8LD, EV 92.5 MPH)
Bottom of the 10th over - 1 run, 2 hits, 1 error, 2 left on base; Peoria 5 - Kane County 3
Thursday, December 15th , 2022 - OOTP Baseball 23.9 Build 102